 Dungeon Crawl Stone Soup version 0.30-a0-1066-g63dfefce0d (webtiles) character file.

Game seed: 16157171250919371632

3653 BlueFish the Covert (level 10, -6/66 HPs)
             Began as an Octopode Fighter on Apr 12, 2023.
             Was a Follower of Cheibriados.
             Mangled by Grum
             ... wielding a +0 spear
              (20 damage)
             ... on level 8 of the Dungeon.
             The game lasted 00:17:57 (8352 turns).

BlueFish the Covert (Octopode Fighter)              Turns: 8352, Time: 00:17:58

Health: -6/66      AC:  1    Str: 21    XL:     10   Next: 12%
Magic:  15/15      EV: 15    Int: 14    God:    Cheibriados [*.....]
Gold:   389        SH:  6    Dex: 19    Spells: 4/15 levels left

rFire   . . .      SeeInvis .    a - +2 mace
rCold   . . .      Faith    .    t - +0 buckler
rNeg    . . .      Spirit   .    (helmet restricted)
rPois   .          Reflect  .    (no amulet)
rElec   .          Rampage  .    o - +6 ring of dexterity
rCorr   .                        (no ring)
Will    .....                    (no ring)
Stlth   +++++                    (no ring)
HPRegen 0.31/turn                (no ring)
MPRegen 0.14/turn                (no ring)
                                 (no ring)
                                 (no ring)

@: very slow
A: almost no armour, amphibious, 8 rings, camouflage 1, gelatinous body 1,
(nimble swimmer 1), tentacles
a: Renounce Religion, Bend Time


You were on level 8 of the Dungeon.
You worshipped Cheibriados.
Cheibriados was aware of your devotion.
You visited 1 branch of the dungeon, and saw 8 of its levels.
You also visited: Sewer and Ossuary.

You collected 419 gold pieces.
You spent 30 gold pieces at shops.

Inventory:

Hand Weapons
 a - a +2 mace (weapon)
 b - a +0 sling of flaming
 q - a +0 flail
Missiles
 e - 3 boomerangs
 g - 65 stones (quivered)
 n - 10 poisoned darts
 p - 2 silver boomerangs
 F - a throwing net
Armour
 t - a +0 buckler (worn)
Jewellery
 i - an amulet of magic regeneration
 o - a +6 ring of dexterity (left tentacle)
 J - a ring of protection from fire
Wands
 G - a wand of quicksilver (6)
 M - a wand of iceblast (6)
Scrolls
 d - 7 scrolls of identify
 f - 4 scrolls of teleportation
 k - 3 scrolls of poison {unknown}
 m - a scroll of acquirement {unknown}
 s - 2 scrolls of fear
 u - 2 scrolls of blinking {unknown}
 v - a scroll of fog
 w - a scroll of torment {unknown}
 x - a scroll of amnesia {unknown}
 y - a scroll of enchant weapon {unknown}
 z - 2 scrolls of butterflies {unknown}
 A - a scroll of brand weapon {unknown}
 B - 2 scrolls of immolation {unknown}
 I - a scroll of vulnerability {unknown}
 K - a scroll of magic mapping
Potions
 c - 4 potions of might
 h - a potion of flight {unknown}
 j - 3 potions of mutation
 l - a potion of curing
 C - a potion of berserk rage {unknown}
 D - 2 potions of haste {unknown}
 E - 3 potions of lignification {unknown}
 H - a potion of magic {unknown}
 L - a potion of invisibility


   Skills:
 + Level 5.0 Fighting
 + Level 4.6 Maces & Flails
 + Level 3.3 Ranged Weapons
 + Level 3.6 Throwing
 + Level 5.1 Dodging
 * Level 8.2 Stealth
 + Level 5.0 Shields
 + Level 3.4 Unarmed Combat
 + Level 3.4 Spellcasting
 * Level 4.8 Transmutations
 * Level 2.1 Poison Magic
 + Level 2.1 Invocations
 + Level 1.9 Evocations


You had 4 spell levels left.
You knew the following spells:

 Your Spells              Type           Power      Damage    Failure   Level
a - Blade Hands           Tmut           8%         N/A       67%         5
b - Poisonous Vapours     Pois/Air       10%        N/A       26%         2
c - Olgreb's Toxic Radia  Pois           8%         N/A       71%         4

Your spell library contained the following spells:

 Spells                   Type           Power      Damage    Failure   Level
 Sting                    Tmut/Pois      48%        1d5       6%          1
 Magic Dart               Conj           8%         1d3       26%         1
 Summon Small Mammal      Summ           8%         N/A       26%         1
 Call Imp                 Summ           4%         N/A       36%         2
 Scorch                   Fire           4%         2d5       36%         2
 Mephitic Cloud           Conj/Pois/Air  4%         N/A       50%         3
 Call Canine Familiar     Summ           2%         N/A       61%         3
 Portal Projectile        Hex/Tloc       4%         N/A       61%         3
 Stone Arrow              Conj/Erth      4%         3d7       61%         3
 Summon Guardian Golem    Hex/Summ       2%         N/A       61%         3
 Tukima's Dance           Hex            2%         N/A       61%         3
 Flame Wave               Conj/Fire      2%         2d4       95%         4
 Conjure Ball Lightning   Conj/Air       1%         3x3d6     100%        6
 Summon Cactus Giant      Summ           1%         N/A       100%        6
 Discord                  Hex            1%         N/A       100%        8
 Disjunction              Tloc           1%         N/A       100%        8
 Lehudib's Crystal Spear  Conj/Erth      1%         10d2      100%        8
 Animate Armour           Summ/Erth      Unusable   N/A       N/A         4

Dungeon Overview and Level Annotations

Branches:
Dungeon (8/15)             Temple (0/1) D:6           Sewer (visited)
Ossuary (visited)
   Lair: D:8-11

Altars:
Ashenzari
Cheibriados
Elyvilon
Hepliaklqana
Sif Muna
Xom
Yredelemnul
Zin

Shops:
D:1 (   D:3 [   D:6 [

Annotations:
D:6 2 transporters, hgbash's ghost, novice MiFi
D:7 1 runed translucent door, SingularityParadox's ghost, novice DsBe
D:8 Grum


Innate Abilities, Weirdness & Mutations

You cannot wear most types of armour.
You are amphibious.
You can wear up to eight rings at the same time.
Your skin changes colour to match your surroundings (Stealth+).
Your rubbery body absorbs attacks. (AC +1, EV +1)
((You are camouflaged when in or above water. (Stealth+)))
You have tentacles for arms and can constrict up to eight enemies at once.


Message History

A wolf comes into view.
Your +0 sling of flaming bursts into flame!
b - a +0 sling of flaming (weapon)
You shoot a sling bullet. The sling bullet closely misses Grum.
Grum drinks a potion.
Grum flickers and vanishes!
Deactivating autopickup; reactivate with Ctrl-A.
Fire: b) +0 sling (flame)
Press: ? - help, Q - select action, (/) - cycle Shift-Dir - straight line, f - wolf
Aim: a wolf (44% to hit)
You shoot a sling bullet.
The sling bullet completely misses the wolf.
Fire: b) +0 sling (flame)
Press: ? - help, Q - select action, (/) - cycle Shift-Dir - straight line, f/p - wolf
Aim: a wolf (44% to hit)
You shoot a sling bullet. The sling bullet hits the wolf.
The sling bullet burns the wolf.
The wolf is moderately wounded.
A wolf comes into view.
Fire: b) +0 sling (flame)
Press: ? - help, Q - select action, (/) - cycle Shift-Dir - straight line, f/p - wolf
Aim: a wolf (moderately wounded, 44% to hit)
You shoot a sling bullet. The wolf howls!
The sling bullet hits the wolf.
The sling bullet burns the wolf.
The wolf is severely wounded.
Something barely misses you. Something barely misses you.
Your +0 sling of flaming stops flaming.
a - a +2 mace (weapon)
Something hits you!!
The wolf pauses to sniff the ground.
You block something's attack.
You hit something. Your squeeze misses something. Something hits you!!
You barely miss something. Your squeeze misses something.
Something closely misses you.
You closely miss something. You squeeze something. Something hits you.
You miss something. Something hits you!
* * * LOW HITPOINT WARNING * * *
You thump something! Something hits you!!
You die...

#................#.#
#.#.....#######....#
#.#.......##.##.####
#.#.###.#.....#.######
#.#.. #.####.##.......
#.### #.####.#########
#.# #.^..#.# #. ##
#.########.#.#########
.#
#.#h{@.)...#..........
.#
#.#h#####.............
.# #.#. #.############
.# #.#h #.........# #
.# #.#. #########.# #
.# #.#h #.....#.# # .#
#.#. #.###.#.####
############.#.
#...........
.............#
#####.#.####


You could see 2 wolves.

Vanquished Creatures
  A deep elf pyromancer (D:7)
  A troll (D:6)
  Eustachio (D:6)
  Menkaure (D:4)
  An acid dragon (D:8)
  3 water moccasins
  Pargi (Sewer)
  2 black bears
  An ice beast (D:5)
  2 sky beasts
  A wolf (D:8)
  An ogre (D:5)
  A centaur (D:8)
  A phantom (D:5)
  5 bullfrogs
  4 scorpions
  5 wights (D:8)
  5 hounds
  A jelly (D:6)
  2 orc priests
  2 sleepcaps
  Natasha (thrice) (D:2)
  An orc wizard (D:3)
  A mummy (Ossuary)
  2 gnolls (D:8)
  7 adders
  2 white imps (D:6)
  An ufetubus (D:5)
  2 worms (D:2)
  10 orcs
  A spectral bat (Ossuary)
  4 ball pythons
  2 bat simulacra (Ossuary)
  5 endoplasms
  A giant cockroach (Sewer)
  12 gnoll zombies (Ossuary)
  5 goblins
  11 hobgoblins
  8 jackals
  2 quokkas
  11 bats
  7 frilled lizards
  2 goblin simulacra (Ossuary)
  3 goblin zombies (Ossuary)
  9 hobgoblin zombies (Ossuary)
  4 kobolds
  6 kobold simulacra (Ossuary)
  4 kobold zombies (Ossuary)
  3 orc zombies
  4 rats
  4 rat simulacra (Ossuary)
  2 spectral goblins (Ossuary)
  4 spectral kobolds (Ossuary)
185 creatures vanquished.

Notes
Turn   | Place    | Note
-------+----------+-------------------------------------------
     0 | D:1      | BlueFish the Octopode Fighter began the quest for the Orb.
     0 | D:1      | Reached XP level 1. HP: 16/16 MP: 1/1
   133 | D:1      | Reached skill level 1 in Stealth
   133 | D:1      | Reached XP level 2. HP: 8/21 MP: 2/2
   401 | D:1      | Found Hucretiwn's Weapon Emporium.
   437 | D:1      | Reached XP level 3. HP: 26/26 MP: 3/3
   705 | D:2      | Reached skill level 2 in Stealth
  1030 | D:2      | Reached XP level 4. HP: 31/31 MP: 5/5
  1357 | D:2      | Noticed Natasha
  1364 | D:2      | Killed Natasha
  1365 | D:2      | Reached skill level 1 in Spellcasting
  1416 | D:2      | Noticed Natasha
  1420 | D:2      | Killed Natasha
  1421 | D:2      | Reached skill level 3 in Stealth
  1421 | D:2      | Reached XP level 5. HP: 36/36 MP: 6/6
  1504 | D:2      | Noticed Natasha
  1511 | D:2      | Killed Natasha
  1512 | D:2      | Reached skill level 1 in Throwing
  1792 | D:1      | Bought a +0 mace for 30 gold pieces
  2179 | D:3      | Found Xaushrere's Armour Emporium.
  2226 | D:3      | Learned a level 5 spell: Blade Hands
  2656 | D:3      | Reached XP level 6. HP: 30/42 MP: 8/8
  2814 | D:3      | Reached skill level 1 in Transmutations
  3077 | D:4      | Noticed Menkaure
  3090 | D:4      | Killed Menkaure
  3091 | D:4      | Reached skill level 4 in Stealth
  3151 | D:4      | Reached skill level 1 in Unarmed Combat
  3244 | D:4      | Identified the +2 robe "Sakucsio" {rC+ Regen+ SInv}
  3645 | D:5      | Entered Level 5 of the Dungeon
  3649 | D:5      | Found a glowing drain.
  3659 | Sewer    | Entered a sewer
  3794 | Sewer    | Noticed Pargi
  3829 | Sewer    | Killed Pargi
  3830 | Sewer    | Reached skill level 1 in Ranged Weapons
  3830 | Sewer    | Reached XP level 7. HP: 41/47 MP: 9/9
  3955 | D:5      | Found a sand-covered staircase.
  3968 | Ossuary  | Entered an ossuary
  4606 | D:5      | Reached skill level 5 in Stealth
  4610 | D:5      | Reached XP level 8. HP: 46/54 MP: 11/11
  5263 | D:5      | Found a basalt altar of Yredelemnul.
  5311 | D:6      | Noticed a troll
  5312 | D:6      | Noticed Eustachio
  5346 | D:6      | Found Ruliss's Armour Shop.
  5392 | D:6      | Reached skill level 6 in Stealth
  5767 | D:6      | Killed Eustachio
  5975 | D:6      | Reached XP level 9. HP: 51/59 MP: 13/13
  6119 | D:6      | Found a snail-covered altar of Cheibriados.
  6143 | D:6      | Found a shimmering blue altar of Sif Muna.
  6145 | D:6      | Became a worshipper of Cheibriados the Contemplative
  6168 | D:6      | Found a shimmering altar of Xom.
  6172 | D:6      | Found a hazy altar of Hepliaklqana.
  6172 | D:6      | Found a white marble altar of Elyvilon.
  6172 | D:6      | Found a broken altar of Ashenzari.
  6174 | D:6      | Found a glowing silver altar of Zin.
  6254 | D:6      | Found a staircase to the Ecumenical Temple.
  6276 | D:6      | Found a transporter.
  6277 | D:6      | Noticed hgbash's ghost (novice MiFi)
  6289 | D:6      | Found a transporter.
  6458 | D:6      | Killed a troll
  6459 | D:6      | Reached skill level 7 in Stealth
  6671 | D:7      | Reached skill level 1 in Evocations
  6919 | D:7      | Reached skill level 1 in Invocations
  7093 | D:7      | Reached * piety under Cheibriados
  7098 | D:7      | Learned a level 2 spell: Poisonous Vapours
  7103 | D:7      | Learned a level 4 spell: Olgreb's Toxic Radiance
  7253 | D:7      | Found a runed translucent door.
  7254 | D:7      | Noticed SingularityParadox's ghost (novice DsBe)
  7311 | D:7      | Noticed a deep elf pyromancer
  7323 | D:7      | Killed a deep elf pyromancer
  7324 | D:7      | Reached skill level 5 in Dodging
  7324 | D:7      | Reached skill level 1 in Poison Magic
  7718 | D:8      | Noticed a hornet
  7725 | D:8      | Paralysed by a hornet for 2 turns
  7725 | D:8      | HP: 3/60 [hornet (12)]
  7737 | D:8      | Reached skill level 5 in Shields
  8013 | D:8      | Reached XP level 10. HP: 65/65 MP: 15/15
  8016 | D:8      | Reached skill level 8 in Stealth
  8048 | D:8      | Reached skill level 5 in Fighting
  8337 | D:8      | Noticed Grum
  8352 | D:8      | Mangled by Grum

Illustrated notes

Levels and vault maps discovered:
D:1:      shiori_arrival_maze, layout_basic, serial_shops, shop
D:2:      layout_basic, uniq_natasha
D:3:      layout_loops_corners, serial_shops, nicolae_square_shop,
          wander_ebering_terrifying_dragon_lair
D:4:      nicolae_BIG_FREAKIN_CUBE, layout_basic, uniq_menkaure
D:5:      layout_loops_ring, mainiacjoe_overflow_alcove_1, enter_ossuary_3,
          portal_sewer_entry_d
D:6:      layout_rooms, minitemple, gammafunk_temple_overflow_wave,
          temple_fountains, gammafunk_ghost_stat_death, serial_shops,
          nicolae_shop_behind_doors, uniq_eustachio
D:7:      layout_basic, gammafunk_ghost_grave, guppyfry_early_elven_hall
D:8:      layout_basic, lemuel_coloured_pillars_altar, uniq_joseph, uniq_grum

Skill      XL: |  1  2  3  4  5  6  7  8  9 10 |
---------------+-------------------------------+-----
Stealth        | 1 2 3 4 5 6 7 8 |  8.2
Spellcasting   | 1 2 3 |  3.4
Throwing       | 1 2 3 |  3.6
Transmutations | 1 2 3 4 |  4.8
Maces & Flails | 3 4 |  4.6
Unarmed Combat | 1 2 3 |  3.4
Ranged Weapons | 1 2 3 |  3.3
Dodging        | 4 5 |  5.1
Fighting       | 4 5 |  5.0
Shields        | 4 5 |  5.0
Evocations     | 1 |  1.9
Invocations    | 1 2 |  2.1
Poison Magic   | 1 2 |  2.1

Action                     |  1- 3 |  4- 6 |  7- 9 | 10-12 || total
---------------------------+-------+-------+-------+-------++-------
  Melee: Flail             |    75 |    22 |       |       ||    97
         Constrict         |    20 |    16 |    46 |     4 ||    86
         Tentacles         |     6 |    12 |    46 |     3 ||    67
         Punch             |       |     2 |     8 |       ||    10
         Mace              |       |    30 |   177 |    22 ||   229
   Fire: Sling             |       |    56 |   190 |     6 ||   252
    Use: Scroll            |       |     8 |     2 |       ||    10
         Potion            |       |       |    11 |       ||    11
   Stab: Sleeping          |     4 |     8 |     1 |     1 ||    14
 Armour: Skin              |     9 |    12 |     9 |       ||    30
  Dodge: Dodged            |    39 |    32 |   137 |    14 ||   222
  Block: Buckler           |    12 |    15 |    48 |     5 ||    80

Table legend: (Time is in decaauts)
 A = Elapsed time spent in this place.
 B = Non-inter-level travel time spent in this place.
 C = Inter-level travel time spent in this place.
 D = Time resting spent in this place.
 E = Time spent auto-exploring this place.
 F = Levels seen in this place.
 G = Mean time per level.
                   A        B        C        D        E       F      G
               +--------+--------+--------+--------+--------+-----+--------+
         Total |   8876 |   8506 |    370 |    458 |   6263 |  10 |  887.6 |
       Dungeon |   8105 |   7735 |    370 |    458 |   5877 |   8 | 1013.1 |
         Sewer |    219 |    219 |      0 |      0 |    137 |   1 |  219.0 |
       Ossuary |    551 |    551 |      0 |      0 |    249 |   1 |  551.0 |
               +--------+--------+--------+--------+--------+-----+--------+

Top non-repeatable levels by time:
     D:5: 1290 daAuts
     D:7: 1276 daAuts
     D:2: 1107 daAuts
     D:3: 1047 daAuts
     D:8: 962 daAuts
     D:6: 877 daAuts
     D:1: 807 daAuts
     D:4: 735 daAuts
 Ossuary: 551 daAuts
   Sewer: 219 daAuts
